Map: El Dorado

Players

RoadKing

  • Race: Terran Terran
  • League: Silver
  • Spawn Location: 5:00

iPlayDefense - Winner!

  • Race: Terran Terran
  • League: Silver
  • Spawn Location: 7:00

VOD

Have the link to the VOD?

Description

Time

  • Played on: April 18, 2025, 8:33 p.m.
  • Length: 3:21
Show
View Real Time Build Order
Export as new Build Order

RoadKing Terran 

Build Orders:  

Get SALT Encoding   

  5  1:56  SCV  
  6  2:08  SCV  
Show
View Real Time Build Order
Export as new Build Order

iPlayDefense Terran - Winner!

Build Orders:  

Get SALT Encoding   

  12  0:00  SCV  
  13  0:15  Supply Depot  
  13  0:18  SCV  
  14  0:30  SCV  
  14  0:35  Refinery  
  15  0:42  SCV  
  16  0:54  SCV  
  14  1:06  SCV  
  11  1:18  SCV  
  12  1:31  SCV  
  13  1:43  SCV  
  13  1:44  Barracks  
  14  2:00  SCV  
  15  2:12  SCV  
  16  2:38  Marine  
  17  2:50  SCV  
  18  2:55  Marine  
  19  3:02  SCV  
  20  3:12  Barracks  
Tags
 
Matchup
TvT
Race
Terran
Replay Pack
Dave SC2 II
Spawn Locations
Close Positions
Add a new tag
Caveats
  • Supply blocks, unpowered buildings, or Contaminate may cause inaccurate times.
  • Supply counts are checked every 10 seconds.